 Dungeon Crawl Stone Soup version 0.25.0-11-g1f837a76a1 (webtiles) character file.

Game seed: 1416487772387526972

119 Esekla the Chopper (level 4, 0/40 HPs)
             Began as a Deep Dwarf Chaos Knight on June 25, 2020.
             Was a Plaything of Xom.
             Killed from afar by a white imp (6 damage)
             ... with a puff of frost
             ... summoned by Xom
             ... on level 3 of the Dungeon.
             The game lasted 00:06:24 (574 turns).

Esekla the Chopper (Deep Dwarf Chaos Knight)         Turns: 574, Time: 00:06:25

Health: 0/40       AC:  6    Str: 16    XL:     4   Next: 73%
Magic:  5/6        EV: 12    Int: 13    God:    Xom [......]
Gold:   18         SH:  0    Dex: 12    Spells: 5/5 levels left

rFire    . . .     SeeInvis .   a - +0 hand axe (chaos)
rCold    . . .     Gourm    .   (no shield)
rNeg     . . .     Faith    .   b - +2 leather armour
rPois    .         Spirit   .   m - +0 helmet
rElec    .         Reflect  .   (no cloak)
rCorr    .         Harm     .   (no gloves)
MR       .....                  (no boots)
Stlth    +.........             (no amulet)
HPRegen  0.00/turn              (no ring)
MPRegen  0.10/turn              (no ring)

@: non-regenerating
A: damage resistance, heal wounds, sense surroundings 1, no regeneration
a: Heal Wounds, Renounce Religion


You were on level 3 of the Dungeon.
You worshipped Xom.
You were a very special plaything of Xom.
You were not hungry.

You visited 1 branch of the dungeon, and saw 3 of its levels.

You collected 18 gold pieces.

Inventory:

Hand Weapons
 a - a +0 hand axe of chaos (weapon)
 d - a +0 short sword
 j - a +0 long sword
 l - a +1 vorpal spear
Armour
 b - a +2 leather armour (worn)
 m - a +0 helmet (worn)
Scrolls
 e - a scroll of teleportation {unknown}
 g - a scroll of enchant armour {unknown}
 h - a scroll of magic mapping {unknown}
 n - a scroll of immolation {unknown}
Potions
 f - 2 potions of curing {unknown}
 i - a potion of lignification {unknown}
 k - 2 potions of mutation {unknown}
 o - a potion of invisibility {unknown}
Comestibles
 c - 2 rations


   Skills:
 + Level 2.9 Fighting
 * Level 4.1 Axes
 + Level 0.5(2.1) Polearms
 * Level 3.2 Armour
 * Level 2.4 Dodging
 + Level 0.1 Stealth
 * Level 1.3 Spellcasting


You had 5 spell levels left.
You didn't know any spells.
Your spell library was empty.

Dungeon Overview and Level Annotations

Branches:
Dungeon (3/15)

Altars:


Innate Abilities, Weirdness & Mutations

You are resistant to damage.
You can heal yourself by infusing magical energy.
You passively map a small area around you.
You do not regenerate.


Message History

* * * LOW HITPOINT WARNING * * *
You slash the bat! You burn the bat.
You kill the bat!
You hit the white imp but do no damage. You closely miss the vampire bat.
You completely miss the crimson imp. The vampire bat bites you.
The vampire bat draws strength from your injuries!
The crimson imp hits you but does no damage.
The white imp gestures at you. The puff of frost hits you.
* * * LOW HITPOINT WARNING * * *
You hit the white imp but do no damage.
The white imp is severely wounded.
You miss the crimson imp.
The vampire bat bites you but does no damage.
The crimson imp hits you.
* * * LOW HITPOINT WARNING * * *
The white imp gestures at you. The puff of frost hits you!
You die...
Xom giggles madly!

#........................^
..#.#.#................##
....#.##...####........#
**
...##..###)#####....####
..........###.##...## *
...###.##)##...##).#
....##.##.#.....#.######
........).#....†#5.....# *
...###...##....§@b..(..#
...####..###...##5..>..#
#####.....###. ########
#......## *, * , #.[..#..#
* , ,,, #....##... , ,
#..[.# ..$.. , , ,, * ,
#....# .... , , * #....#
,.... ,


You could see a crimson imp (summoned, strong), a white imp (summoned, agile)
and a vampire bat.

Vanquished Creatures
  An orc wizard (D:3)
  A centaur skeleton (D:2)
  Robin (D:2)
  An ooze (D:2)
  2 worms (D:2)
  4 orcs (D:3)
  10 goblins
  6 hobgoblins
  9 bats
  A frilled lizard (D:2)
  4 kobolds
  A rat (D:1)
41 creatures vanquished.

Vanquished Creatures (others)
  A bat (D:3)
1 creature vanquished.

Grand Total: 42 creatures vanquished

Notes
Turn   | Place    | Note
-------+----------+-------------------------------------------
     0 | D:1      | Esekla the Deep Dwarf Chaos Knight began the quest for the
                  | Orb.
     0 | D:1      | Reached XP level 1. HP: 20/20 MP: 1/1
   131 | D:1      | XOM: silly message
   222 | D:2      | Reached XP level 2. HP: 22/27 MP: 2/2
   237 | D:2      | Noticed Robin
   289 | D:2      | Killed Robin
   289 | D:2      | Reached skill level 1 in Spellcasting
   289 | D:2      | Reached XP level 3. HP: 32/33 MP: 2/4
   317 | D:2      | XOM: silly message
   410 | D:2      | XOM: noise
   417 | D:2      | Reached XP level 4. HP: 33/40 MP: 5/5
   537 | D:3      | XOM: chaos upgrade
   540 | D:3      | Reached skill level 4 in Axes
   557 | D:3      | XOM: noise
   558 | D:3      | XOM: silly message
   559 | D:3      | XOM: summons 3 hostile demons
   564 | D:3      | XOM: smoke on damage
   574 | D:3      | Killed from afar by a white imp

Illustrated notes

Levels and vault maps discovered:
D:1:      onia_arrival_mini_maze, layout_loops_ring
D:2:      layout_rooms, uniq_robin
D:3:      layout_rooms, grunt_temple_overflow_forces_of_nature,
          marbit_many_paths, xom_teletrap_fun, first_ration, roderic_batcave,
          uniq_crazy_yiuf_cottage, uniq_purgy

Skill      XL: |  1  2  3  4 |
---------------+-------------+-----
Spellcasting   | 1 |  1.3
Dodging        | 2 |  2.4
Armour         | 3 |  3.2
Axes           | 4 |  4.1
Fighting       | |  2.9
Polearms       | |  0.5
Stealth        | |  0.1

Action                   |  1- 3 |  4- 6 || total
-------------------------+-------+-------++-------
Melee: Hand axe          |    32 |    19 ||    51
       Short sword       |     1 |       ||     1
       Spear             |    27 |    34 ||    61
 Abil: Heal Wounds       |     1 |     1 ||     2
 Stab: Sleeping          |     1 |       ||     1
Armor: Leather armour    |    16 |    38 ||    54
Dodge: Dodged            |    37 |    61 ||    98
